 Dungeon Crawl Stone Soup version 0.32-a0-705-g60f233581c (webtiles) character file.

Game seed: 11646066282241498311

401700 Khashishi the Warrior (level 21, -5/181 HPs)
             Began as a Mummy Monk on Mar 12, 2024.
             Was the Champion of Beogh.
             Shot with a bolt by a yaktaur captain (12 damage)
             ... on level 5 of the Vaults on Mar 14, 2024.
             The game lasted 04:26:13 (32380 turns).

Khashishi the Warrior (Mummy Monk)                 Turns: 32380, Time: 04:26:13

Health: -5/181     AC: 33    Str: 22    XL:     21   Next: 50%
Magic:  22/35      EV: 21    Int: 18    God:    Beogh [******]
Gold:   5109       SH:  9    Dex: 22    Spells: 10/40 levels left

rFire   + + +        g - +9 demon trident (freeze)
rCold   . . .        V - +2 buckler {reflect}
rNeg    + + +        a - +8 fire dragon scales
rPois   ∞            v - +2 hat {Will+}
rElec   .            C - +2 cloak
rCorr   .            E - +2 pair of gloves of the Lotus Blossom {rN+ Dex+3}
SInv    .            B - +2 pair of boots of Geohekixt {Str+3 Int+4}
Will    ++++.        P - amulet of magic regeneration Stlth
                     J - ring of Joy {Wiz rF++}
HPRegen 0.50/turn    z - ring "Mixy" {Will+ EV+5 Dex+3}
MPRegen 0.64/turn

%: reflection, faith, wizardry (x1)
@: death channelling, fugue, animating dead, studying Unarmed Combat
A: walk on water, cold resistance 1, negative energy resistance 3, torment
resistance 2, heat vulnerability 1, in touch with death 2, no potions, faith
}: 2/15 runes: serpentine, barnacled
a: Renounce Religion, Smiting, Recall Apostles, Blood for Blood, Dismiss
Bogbarth, priest, Dismiss Geork, warrior, Dismiss Boghold, warrior


You were on level 5 of the Vaults.
You worshipped Beogh.
Beogh was exalted by your worship.
You visited 8 branches of the dungeon, and saw 39 of its levels.
You also visited: Ossuary, Gauntlet and Ice Cave.

You collected 5109 gold pieces.

Inventory:

Hand Weapons
 g - a +9 demon trident of freezing (weapon)
 k - the +7 spear "Orb Guardian's Curse" {freeze, ^Contam rF+ rC+ Dex+2}
   (You found it on level 2 of the Dungeon)

   Dex+2:     It affects your dexterity (+2).
   rF+:       It protects you from fire.
   rC+:       It protects you from cold.
   ^Contam:   It causes magical contamination when unequipped.
Missiles
 b - 3 curare-tipped darts
 D - 3 throwing nets
Armour
 a - +8 fire dragon scales (worn)
 c - an orb of light
 r - a +2 kite shield of reflection
 v - a +2 hat of willpower (worn)
 B - the +2 pair of boots of Geohekixt (worn) {Str+3 Int+4}
   (You found it in a Gauntlet)

   Str+3:     It affects your strength (+3).
   Int+4:     It affects your intelligence (+4).
 C - a +2 cloak (worn)
 E - the +2 pair of gloves of the Lotus Blossom (worn) {rN+ Dex+3}
   (You acquired it on level 2 of the Lair of Beasts)

   Dex+3:     It affects your dexterity (+3).
   rN+:       It protects you from negative energy.
 U - a +0 pair of boots of rampaging
 V - a +2 buckler of reflection (worn)
 X - the +0 helmet "Loxzy Horac" {rC++ Stlth-}
   (You found it on level 4 of the Vaults)

   rC++:      It greatly protects you from cold.
   Stlth-:    It makes you less stealthy.
Jewellery
 f - the ring "Nott" {rC+ Str+3 Dex+3}
   (You took it off a deep elf death mage on level 3 of the Elven Halls)

   [ring of protection from cold]

   Str+3:     It affects your strength (+3).
   Dex+3:     It affects your dexterity (+3).
   rC+:       It protects you from cold.
 p - the necklace of Bloodlust {Fury *Rage Will++ Int-3 Slay+6}
   (You took it off a deep elf high priest on level 3 of the Elven Halls)

   [amulet of nothing]

   Fury:      It extends the wearer's berserk rage when killing foes.
   Int-3:     It affects your intelligence (-3).
   Slay+6:    It affects your accuracy & damage with ranged weapons and melee
   (+6).
   Will++:    It greatly increases your willpower.
   *Rage:     It berserks you when you make melee attacks (+50% chance).
 s - an amulet of regeneration
 u - a +4 ring of protection
 z - the ring "Mixy" (right hand) {Will+ EV+5 Dex+3}
   (You found it in a Gauntlet)

   [ring of evasion]

   EV+5:      It affects your evasion (+5).
   Dex+3:     It affects your dexterity (+3).
   Will+:     It increases your willpower.
 A - a ring of resist corrosion
 G - a ring of protection from fire
 J - the ring of Joy (left hand) {Wiz rF++}
   (You took it off a deep elf high priest on level 3 of the Elven Halls)

   [ring of wizardry]

   Wiz:       It improves your spell success rate.
   rF++:      It greatly protects you from fire.
 N - the amulet of Herphibb {Spirit rElec rPois Str+2}
   (You found it on level 3 of the Elven Halls)

   [amulet of guardian spirit]

   Spirit:    It causes incoming damage to be divided between your reserves of
   health and magic.
   Str+2:     It affects your strength (+2).
   rElec:     It insulates you from electricity.
   rPois:     It protects you from poison.
 P - an amulet of magic regeneration (around neck)
 T - the ring "Bafeh" {Fly Int+3}
   (You found it on level 1 of the Elven Halls)

   [ring of flight]

   Int+3:     It affects your intelligence (+3).
   Fly:       It grants you flight.
Wands
 e - a wand of digging (14)
 m - a wand of flame (74)
 n - a wand of light (14)
 F - a wand of iceblast (18)
 I - a wand of mindburst (11)
 R - a wand of paralysis (19)
 W - a wand of polymorph (22)
Scrolls
 d - 4 scrolls of fear
 h - 4 scrolls of immolation
 i - 15 scrolls of teleportation
 j - 6 scrolls of blinking
 l - 3 scrolls of revelation
 o - 13 scrolls of amnesia
 q - 3 scrolls of enchant weapon
 t - 2 scrolls of fog
 y - 3 scrolls of noise
 K - a scroll of vulnerability
 L - 9 scrolls of poison
 M - 2 scrolls of silence
 S - 11 scrolls of identify
Miscellaneous
 w - a phantom mirror
 x - a lightning rod (4/4)
 H - a sack of spiders (inert)
 O - a phial of floods


   Skills:
 + Level 19.5 Fighting
 + Level 14.5 Polearms
 + Level 12.5 Armour
 + Level 11.4 Dodging
 + Level 7.5 Shields
 + Level 10.4 Spellcasting
 - Level 2.0 Hexes
 - Level 2.0 Summonings
 + Level 14.8 Necromancy
 + Level 4.9 Earth Magic
 + Level 15.7 Invocations


You had 10 spell levels left.
You knew the following spells:

 Your Spells              Type           Power      Damage    Failure   Level
a - Fugue of the Fallen   Necr           96%        N/A       1%          3
b - Anguish               Hex/Necr       36%        N/A       2%          4
c - Death Channel         Necr           48%        N/A       3%          6
d - Animate Dead          Necr           96%        N/A       1%          4
e - Borgnjor's Vile Clut  Necr/Erth      39%        N/A       4%          5
f - Dispel Undead         Necr           96%        3d30      1%          4
m - Martyr's Knell        Necr/Summ      73%        N/A       2%          4

Your spell library contained the following spells:

 Spells                   Type           Power      Damage    Failure   Level
 Cigotuvi's Dreadful Rot  Necr/Alch/Air  100%       N/A       1%          2
 Curse of Agony           Necr           96%        N/A       1%          5
 Passwall                 Erth           27%        N/A       3%          3
 Summon Small Mammal      Summ           64%        N/A       4%          1
 Call Imp                 Summ           32%        N/A       6%          2
 Magic Dart               Conj           36%        1d4       9%          1
 Sting                    Conj/Alch      36%        1d5       9%          1
 Ensorcelled Hibernation  Hex/Ice        24%        N/A       9%          2
 Call Canine Familiar     Summ           16%        N/A       12%         3
 Sigil of Binding         Hex            16%        N/A       12%         3
 Tukima's Dance           Hex            16%        N/A       12%         3
 Mercury Vapours          Alch/Air       18%        N/A       13%         2
 Searing Ray              Conj           18%        2d5       13%         2
 Static Discharge         Conj/Air       18%        3-4/arc   13%         2
 Dazzling Flash           Conj/Hex       24%        N/A       17%         3
 Summon Ice Beast         Ice/Summ       12%        N/A       17%         3
 Frozen Ramparts          Ice            18%        1d3       26%         3
 Hailstorm                Conj/Ice       9%         3d6       26%         3
 Mephitic Cloud           Conj/Alch/Air  9%         N/A       26%         3
 Ozocubu's Armour         Ice            9%         N/A       26%         3
 Swiftness                Air            9%         N/A       26%         3
 Dimensional Bullseye     Hex/Tloc       6%         N/A       47%         4
 Summon Blazeheart Golem  Fire/Summ      12%        N/A       47%         4
 Summon Lightning Spire   Summ/Air       12%        N/A       47%         4
 Airstrike                Air            4%         2d(1-17)  61%         4
 Fulminant Prism          Conj/Alch      4%         3d5       61%         4
 Iskenderun's Mystic Bla  Conj/Tloc      9%         2d4       61%         4
 Olgreb's Toxic Radiance  Alch           9%         N/A       61%         4
 Vhi's Electric Charge    Tloc/Air       18%        N/A       61%         4
 Metabolic Englaciation   Hex/Ice        6%         N/A       82%         5
 Silence                  Hex/Air        6%         N/A       82%         5
 Summon Forest            Summ/Tloc      6%         N/A       82%         5
 Alistair's Intoxication  Alch           6%         N/A       91%         5
 Arcjolt                  Conj/Air       4%         1d14      91%         5
 Freezing Cloud           Conj/Ice/Air   4%         6-21      91%         5
 Permafrost Eruption      Ice/Erth       9%         2x4d4     99%         6
 Conjure Ball Lightning   Conj/Air       4%         3x3d6     100%        6
 Eringya's Noxious Bog    Alch           4%         4d6       100%        6
 Plasma Beam              Fire/Air       4%         2x1d14    100%        6
 Sculpt Simulacrum        Ice/Alch       4%         N/A       100%        6
 Ozocubu's Refrigeration  Ice            4%         4d8       100%        7
 Summon Hydra             Summ           8%         N/A       100%        7
 Discord                  Hex            8%         N/A       100%        8
 Disjunction              Tloc           4%         N/A       100%        8
 Maxwell's Capacitive Co  Air            4%         ∞         100%        8
 Polar Vortex             Ice            4%         N/A       100%        9
 Sublimation of Blood     Necr           Unusable   N/A       N/A         2

Dungeon Overview and Level Annotations

Branches:
Dungeon (15/15)            Temple (1/1) D:4            Lair (5/5) D:9
 Shoals (4/4) Lair:2        Snake (4/4) Lair:2        Slime (0/5) Lair:5
    Orc (2/2) D:12            Elf (3/3) Orc:2        Vaults (5/5) D:13
 Depths (0/4) D:15        Ossuary (visited)           IceCv (visited)
Gauntlet (visited)
  Crypt: Vaults:2-3

Altars:
Ashenzari
Cheibriados
Dithmenos
Fedhas
Gozag
Hepliaklqana
Kikubaaqudgha
Makhleb
Nemelex Xobeh
Okawaru
Qazlal
Ru
Sif Muna
Trog
Uskayaw
Vehumet
Wu Jian
Xom
Yredelemnul
Beogh
Jiyva

Shops:
D:4 :   D:6 (   D:8 *   Orc:2 ([*[   Elf:2 =   Elf:3 [   Snake:3 :(

Portals:
Trove: D:14 (give +3 storm dragon scales)


Innate Abilities, Weirdness & Mutations

You can walk on water.
Your facial features are unmistakably orcish.
You are immune to poison.
Your flesh is cold resistant. (rC+)
You are immune to negative energy. (rN+++)
You are immune to unholy pain and torment.
You are vulnerable to heat. (rF-)
You are strongly in touch with the powers of death.
You do not drink.
You have a special connection with the divine. (Faith)


Message History

The vault guard simulacrum is unaffected.
The vault guard looks frightened!
The vault guard easily resists.
The vault guard looks frightened! x3
The vault guard simulacrum is unaffected. x2
The phantasmal warrior is unaffected.
The stone giant looks frightened!
The dread lich is unaffected.
The titan resists with almost no effort.
The vault warden resists with some effort.
The golden dragon resists with almost no effort.
The vault warden looks frightened!
The brown very ugly thing looks frightened!
The ironbound convoker looks frightened!
The phantasmal warrior is unaffected.
The iron dragon resists with almost no effort.
The titan resists with almost no effort. x2
The deep elf high priest resists with some effort.
The fire giant resists with almost no effort.
The fire giant zombie is unaffected.
The shadow dragon simulacrum is unaffected.
The tengu reaver skeleton is unaffected.
The orb spider looks frightened!
Your surroundings suddenly seem different.
The zombie hands lose their grip on something.
A shadow dragon, an ironbound convoker and a vault warden come into view.
The lich gestures wildly while chanting.
The lich flickers and vanishes!
Deactivating autopickup; reactivate with Ctrl-A.
The ironbound convoker casts a spell at the shadow dragon.
The shadow dragon seems to grow stronger.
Blink to where?
Press: ? - help, Dir - move target A yaktaur captain comes into view.
It is wielding a staff of cold.
Found six items.
As you read the scroll of blinking, it crumbles to dust.
You swear to avenge Bogbarth's death!
Nothing appears to have answered your call.
A vault sentinel comes into view. It is wielding a +0 morningstar.
The yaktaur captain wields a +0 arbalest.
The yaktaur captain shoots a bolt.
The bolt hits you!
You die...

### #[[##
#$..# #...##
#....##....#
#..@.# ....##
#.....##..p.#
#[....##....##
#!...........
#[..c.##.D..#
#.....##....#
#....##...§#
#.p..##..p.#
#. #....#
#....##


You could see a yaktaur captain and a vault sentinel.

Vanquished Creatures
  Jorgrun (Orc:2)
  Mlioglotl (Snake:1)
  Polyphemus (Shoals:4)
  A sphinx (Vaults:4)
  A deep elf master archer (Elf:3)
  A kraken (Shoals:3)
  Aizul (Snake:3)
  2 nagarajas (Snake:4)
  2 vault wardens (Vaults:4)
  5 deep elf sorcerers
  2 orc warlords
  A deep elf elementalist (Elf:3)
  A stone giant (D:15)
  A formless jellyfish (Vaults:2)
  A reaper (IceCv)
  5 deep elf demonologists
  2 dire elephants
  4 deep elf death magi
  Nessos (Orc:2)
  5 deep elf annihilators
  The ghost of SageDae the Fencer, a journeyman CoGl of Wu Jian (Lair:3)
  4 merfolk impalers
  A merfolk javelineer (Shoals:4)
  5 deep elf high priests (Elf:3)
  A great orb of eyes (Vaults:4)
  Erolcha (D:9)
  2 yaktaur captains (Vaults:4)
  2 salamander tyrants
  A rakshasa (D:15)
  8 vault guards
  5 hydras
  A merfolk avatar (Shoals:2)
  13 centaur warriors
  6 anacondas
  11 dancing weapons
  A merfolk aquamancer (Shoals:3)
  A satyr (Shoals:4)
  11 death yaks
  7 naga warriors
  A holy swine (Shoals:4)
  A tengu warrior (D:14)
  3 orc high priests
  4 naga sharpshooters
  A hell knight (Vaults:2)
  A shock serpent (Snake:1)
  Amaemon (D:8)
  7 deep elf knights
  2 spectral death yaks (Lair:5)
  3 salamander mystics
  3 cherubim (Shoals:4)
  3 sea snakes
  3 skysharks
  8 mana vipers
  2 deep trolls
  2 arcanists
  3 naga ritualists
  A spriggan druid (Elf:1)
  3 lindwurms
  10 deep elf archers
  14 deep elf pyromancers
  8 harpies
  5 ironbound convokers
  7 necromancers
  9 deep elf zephyrmancers
  2 orc knights
  7 thermic dynamos
  10 ugly things
  An orc sorcerer (Vaults:4)
  10 salamanders
  A faun (shapeshifter) (Elf:1)
  4 fauns
  2 cyclopes
  7 vault sentinels
  Joseph (D:9)
  An oklob plant (Snake:3)
  6 manticores
  3 guardian serpents (Snake:4)
  9 elephants
  20 black mambas
  3 water nymphs
  2 ice statues (IceCv)
  7 merfolk sirens
  7 naga magi
  An orange demon (D:8)
  A cane toad (Lair:3)
  An eye of devastation (Lair:5)
  A torpor snail (Lair:5)
  An unseen horror (D:11)
  A komodo dragon (Lair:4)
  A hellion (Gauntlet)
  9 yaktaurs
  An efreet (Gauntlet)
  An anaconda simulacrum (IceCv)
  3 tengu conjurers (D:14)
  Psyche (D:10)
  5 ice devils (IceCv)
  5 trolls
  A hornet (D:8)
  7 blink frogs
  7 merfolk
  3 wind drakes
  Prince Ribbit (D:8)
  2 polar bears (Lair:1)
  A glass eye (Lair:5)
  A tarantella (shapeshifter) (Elf:1)
  3 snapping turtles
  4 dream sheep
  9 slime creatures
  4 dire elephant simulacra
  An air elemental (Elf:2)
  6 spriggans (D:9)
  2 fire elementals (Gauntlet)
  3 water elementals
  4 elf zombies (Elf:3)
  Eustachio (D:6)
  3 wyverns
  3 wraiths
  7 humans
  33 yaks
  A death yak simulacrum (IceCv)
  2 basilisks
  A steam dragon (shapeshifter) (D:15)
  2 acid dragons (D:10)
  3 harpy simulacra (IceCv)
  19 nagas
  2 hydra simulacra (IceCv)
  11 water moccasins
  3 hell hounds
  4 ice beasts
  3 orc warriors
  2 laughing skulls (D:14)
  3 sky beasts
  20 wolves
  2 boggarts (Vaults:2)
  3 ogres
  12 centaurs
  5 kobold brigands
  2 phantoms
  7 bullfrogs
  2 earth elementals (Elf:2)
  A gnoll sergeant (D:5)
  2 cane toad simulacra (Lair:5)
  2 scorpions
  A water moccasin zombie (D:4)
  3 wights (D:7)
  A burial acolyte (D:8)
  An elephant simulacrum (Lair:5)
  4 killer bees (D:9)
  5 howler monkeys
  An electric eel (Lair:3)
  A bullfrog zombie (D:4)
  A bombardier beetle (D:2)
  7 orc priests
  2 hounds
  4 jellies
  4 iguanas
  4 scorpion zombies
  2 sleepcaps
  6 orc wizards
  A polar bear simulacrum (IceCv)
  8 mummies (Ossuary)
  3 gnolls (D:5)
  3 howler monkey skeletons (D:7)
  11 adders
  A shadow imp (Gauntlet)
  4 white imps
  2 ufetubi (D:6)
  3 adder zombies
  2 dart slugs
  6 orcs
  6 ball pythons
  6 endoplasms
  A giant cockroach (D:4)
  4 hobgoblins
  8 jackals
  23 kobolds
  5 quokkas
  3 bats
  3 frilled lizards
  5 goblins
  A hobgoblin zombie (Ossuary)
  A jackal zombie (D:8)
  A kobold zombie (Ossuary)
  5 orc zombies (Ossuary)
  8 rats
752 creatures vanquished.

Vanquished Creatures (collateral kills)
  Vashnia (Snake:2)
  The ghost of croobank the Royal Jelly, a veteran GnSh of Jiyva (Vaults:4)
  Rupert (Lair:2)
  2 deep elf blademasters
  The ghost of BubbleThief the Imperceptible, an adept KoBr of Wu Jian (Shoals:2)
  A deep elf master archer (Elf:3)
  Gastronok (D:9)
  Donald (Snake:3)
  Agnes (Elf:1)
  Roxanne (Snake:3)
  6 nagarajas
  2 deep elf sorcerers (Elf:3)
  4 vault wardens
  2 deep elf elementalists (Elf:3)
  An angel (Shoals:4)
  4 ironbound preservers
  4 stone giants
  A formless jellyfish (Vaults:1)
  6 ironbound thunderhulks
  A deep elf annihilator (Elf:3)
  A deep elf death mage (Elf:1)
  2 deep elf demonologists
  A minotaur (Gauntlet)
  8 dire elephants
  4 merfolk javelineers
  A fire dragon (Orc:2)
  A great orb of eyes (Vaults:4)
  11 merfolk impalers
  A deep elf high priest (Elf:3)
  A yaktaur captain (Vaults:1)
  The ghost of bayes525 the Fighter, a journeyman FeBe of Trog (Lair:3)
  3 hydras
  A merfolk avatar (Shoals:4)
  15 vault guards
  10 centaur warriors
  A catoblepas (Shoals:4)
  A boulder beetle (D:14)
  5 anacondas (Snake:4)
  12 dancing weapons
  The ghost of runemasterragnar the Mimic, a journeyman OpSh of Gozag (D:11)
  A satyr (Shoals:2)
  2 ironbound frosthearts
  3 merfolk aquamancers
  A two-headed ogre (shapeshifter) (Elf:1)
  3 tengu warriors (D:14)
  An alligator snapping turtle (Shoals:3)
  6 death yaks
  10 naga warriors
  6 orc high priests
  A soul eater (Gauntlet)
  2 hell knights (Vaults:2)
  11 naga sharpshooters
  3 shock serpents
  3 skysharks
  7 deep elf knights
  5 skeletal warriors (D:13)
  A spectral anaconda (Lair:5)
  A cherub (Shoals:4)
  A salamander mystic (Snake:2)
  7 deep trolls
  14 mana vipers
  7 sea snakes
  A spriggan druid (Elf:1)
  6 ironbound convokers
  4 naga ritualists
  6 orc knights
  5 lindwurms
  13 deep elf pyromancers
  7 deep elf archers
  An arcanist (Vaults:4)
  An obsidian statue (Lair:5)
  4 necromancers
  A harpy (shapeshifter) (Elf:1)
  6 harpies
  13 deep elf zephyrmancers
  5 fauns
  4 cyclopes
  An ugly thing (Vaults:4)
  4 orc sorcerers
  8 manticores
  5 guardian serpents
  9 elephants
  19 black mambas
  2 black mambas (shapeshifter)
  11 salamanders
  A torpor snail (Lair:5)
  8 naga magi
  6 water nymphs
  9 merfolk sirens
  7 vault sentinels
  4 cane toads
  A gargoyle (D:11)
  14 yaktaurs
  An unseen horror (D:12)
  A rime drake (Lair:3)
  3 komodo dragons
  An ice devil (IceCv)
  18 merfolk
  6 trolls
  A wind drake (Shoals:1)
  2 hornets
  6 dream sheep
  6 blink frogs
  6 snapping turtles
  12 slime creatures
  2 centaur simulacra (D:11)
  2 air elementals
  2 spriggans (D:9)
  28 yaks
  5 water elementals
  A dire elephant simulacrum (IceCv)
  8 humans (D:13)
  A wyvern (Lair:1)
  A human (shapeshifter) (D:15)
  A fire bat (shapeshifter) (Elf:1)
  A basilisk (Lair:1)
  4 fire elementals
  A steam dragon (D:6)
  A warg (Orc:1)
  A death yak simulacrum (IceCv)
  28 nagas
  A spectral cane toad (Lair:5)
  An acid dragon (D:9)
  3 water moccasins
  3 hell hounds
  A black bear (D:6)
  2 laughing skulls (D:14)
  3 ice beasts
  6 orc warriors
  2 ogres
  2 boggarts (Vaults:2)
  8 wolves
  An elephant skeleton (Lair:5)
  12 centaurs
  4 earth elementals
  4 bullfrogs
  A two-headed ogre simulacrum (IceCv)
  A cane toad simulacrum (Lair:5)
  A wight (D:7)
  2 killer bees (D:9)
  A gnoll bouda (D:9)
  A human simulacrum (Vaults:5)
  3 orc priests (Orc:2)
  3 orc wizards
  A killer bee zombie (D:7)
  2 shadow imps (Gauntlet)
  3 white imps
  An ufetubus (D:6)
  2 orcs
  5 kobolds
  An orc zombie (Ossuary)
  25 foxfires
  4 tentacles (Shoals:3)
665 creatures vanquished.

Vanquished Creatures (others)
  A deep elf master archer (Elf:3)
  A vault warden (Vaults:1)
  A deep elf sorcerer (Elf:3)
  2 orc warlords
  A stone giant (Vaults:4)
  2 deep elf annihilators (Elf:3)
  Azrael (Snake:2)
  3 vault guards
  A salamander tyrant (Snake:4)
  2 dancing weapons
  21 orc apostles
  5 shock serpents
  3 hell knights (Vaults:2)
  5 deep elf knights
  3 sun demons (Elf:3)
  2 deep elf archers
  6 anaconda zombies (Snake:4)
  2 ironbound convokers (Vaults:1)
  2 orc knights (Vaults:4)
  8 deep elf zephyrmancers
  3 deep elf pyromancers
  A manticore (Shoals:4)
  An orc sorcerer (Snake:3)
  A faun (Shoals:2)
  A shock serpent zombie (Snake:1)
  A merfolk siren (Shoals:3)
  A naga mage (Snake:4)
  2 vault sentinels
  A guardian serpent (Snake:3)
  3 mana viper zombies (Snake:2)
  An unseen horror zombie (D:12)
  2 sea snake zombies
  A troll (shapeshifter) (Elf:3)
  2 merfolk (Shoals:3)
  A harpy zombie (Elf:1)
  4 guardian serpent zombies (Snake:4)
  10 black mamba zombies
  2 water elementals
  A slime creature zombie (D:14)
  A wind drake zombie (Shoals:3)
  A warg (D:12)
  3 nagas
  An acid dragon (D:13)
  2 faun zombies (Shoals:4)
  10 merfolk zombies
  11 human zombies
  2 orc warriors
  2 manticore zombies
  2 dream sheep zombies (Shoals:4)
  37 elf zombies
  3 centaurs
  4 salamander zombies
  9 yaktaur zombies
  4 hell hound zombies (Snake:2)
  A troll zombie (D:13)
  A wolf zombie (Lair:5)
  12 centaur zombies
  4 orc priests
  An orc wizard (Orc:2)
  22 naga zombies
  2 howler monkey zombies (D:13)
  An ufetubus (D:6)
  8 orcs
  5 kobold zombies (D:11)
  310 foxfires
  4 tentacles (Shoals:3)
574 creatures vanquished.

Grand Total: 1991 creatures vanquished

Notes
Turn   | Place    | Note
-------+----------+-------------------------------------------
     0 | D:1      | Khashishi the Mummy Monk began the quest for the Orb.
     0 | D:1      | Reached XP level 1. HP: 18/18 MP: 1/1
   173 | D:1      | Reached XP level 2. HP: 16/24 MP: 2/2
   498 | D:1      | Found a faded altar of an unknown god.
   728 | D:2      | Identified the +7 spear "Orb Guardian's Curse" {freeze,
                  | ^Contam rF+ rC+ Dex+2}
   852 | D:2      | Reached XP level 3. HP: 24/29 MP: 3/3
  1166 | D:2      | Reached skill level 1 in Armour
  1166 | D:2      | Reached XP level 4. HP: 23/35 MP: 4/4
  1864 | D:3      | Became a worshipper of Beogh the Shepherd
  1864 | D:3      | Reached * piety under Beogh
  1864 | D:3      | Reached ** piety under Beogh
  2081 | D:3      | Found a stormy altar of Qazlal.
  2081 | D:3      | Found a burning altar of Makhleb.
  2186 | D:4      | Noticed a scorpion
  2218 | D:4      | Reached XP level 5. HP: 41/41 MP: 5/5
  2419 | D:4      | Found a broken altar of Ashenzari.
  2549 | D:4      | Found Jingelinn's Book Boutique.
  2587 | D:4      | Reached XP level 6. HP: 43/48 MP: 6/6
  2597 | D:4      | Reached skill level 1 in Invocations
  2611 | D:4      | Reached skill level 4 in Fighting
  2613 | D:4      | Found a basalt altar of Yredelemnul.
  2888 | D:4      | Found a staircase to the Ecumenical Temple.
  2897 | Temple   | Entered the Ecumenical Temple
  3262 | D:5      | Entered Level 5 of the Dungeon
  3305 | D:5      | Reached XP level 7. HP: 49/55 MP: 8/8
  3359 | D:5      | You fall into a shaft and drop 2 floors!
  3399 | D:7      | Reached *** piety under Beogh
  3417 | D:7      | Reached skill level 5 in Fighting
  3430 | D:7      | Noticed Gorbash
  3453 | D:7      | Anointed Gorbash the wizard as your apostle
  3500 | D:7      | Reached skill level 5 in Polearms
  3503 | D:7      | Reached XP level 8. HP: 26/63 MP: 10/10
  3610 | D:7      | Noticed a cyclops
  3613 | D:7      | Killed a cyclops
  3614 | D:7      | Reached skill level 6 in Fighting
  3829 | D:7      | Found a sand-covered staircase.
  3862 | D:7      | Anointed Ugbert the wizard as your apostle
  3871 | Ossuary  | Entered an ossuary
  4248 | D:6      | Reached **** piety under Beogh
  4298 | D:6      | Reached skill level 5 in Invocations
  4298 | D:6      | Reached XP level 9. HP: 68/71 MP: 12/12
  4337 | D:5      | Reached skill level 7 in Fighting
  4682 | D:5      | Found a hazy altar of Hepliaklqana.
  4930 | D:5      | Found a sparkling altar of Nemelex Xobeh.
  5103 | D:6      | Found Zuewo's Weapon Boutique.
  5290 | D:6      | Found a radiant altar of Vehumet.
  5424 | D:6      | Noticed Eustachio
  5435 | D:6      | Killed Eustachio
  5758 | D:8      | Found Qihoosk's General Store.
  5906 | D:8      | Reached ***** piety under Beogh
  5909 | D:8      | Noticed Prince Ribbit
  5916 | D:8      | Killed Prince Ribbit
  5931 | D:8      | Noticed Marbaugh
  5932 | D:8      | Identified a scroll of acquirement
  5936 | D:8      | Noticed a +0 trident
  5952 | D:8      | Anointed Marbaugh the priest as your apostle
  6037 | D:8      | Found a sacrificial altar of Ru.
  6038 | D:8      | Found a bloodstained altar of Trog.
  6129 | D:8      | Found an ancient bone altar of Kikubaaqudgha.
  6225 | D:8      | Noticed Amaemon
  6225 | D:8      | Noticed an orange demon
  6230 | D:8      | Killed an orange demon
  6231 | D:8      | Reached skill level 8 in Fighting
  6240 | D:8      | Killed Amaemon
  6241 | D:8      | Reached XP level 10. HP: 79/80 MP: 2/14
  6371 | D:8      | Acquired 576 gold pieces
  6419 | D:9      | Noticed Erolcha
  6424 | D:9      | Your ally Marbaugh died
  6429 | D:9      | Killed Erolcha
  6430 | D:9      | Reached skill level 5 in Dodging
  6692 | D:9      | Reached skill level 9 in Fighting
  6756 | D:9      | Noticed Joseph
  6764 | D:9      | Killed Joseph
  6779 | D:9      | Noticed Gastronok
  6795 | D:9      | Killed Gastronok
  6796 | D:9      | Reached XP level 11. HP: 47/89 MP: 8/16
  6927 | D:9      | Found a staircase to the Lair.
  6959 | Lair:1   | Entered Level 1 of the Lair of Beasts
  7064 | Lair:1   | Found a gate leading to a gauntlet.
  7162 | Gauntlet | Entered a Gauntlet
  7162 | Gauntlet | Noticed a soul eater
  7162 | Gauntlet | Found a large runed translucent door.
  7162 | Gauntlet | Found a large runed translucent door.
  7162 | Gauntlet | Found a large runed translucent door.
  7162 | Gauntlet | Found a large runed translucent door.
  7162 | Gauntlet | Found a runed translucent door.
  7162 | Gauntlet | Found a large runed translucent door.
  7162 | Gauntlet | Found a large runed translucent door.
  7162 | Gauntlet | Found a transporter.
  7162 | Gauntlet | Found a transporter.
  7162 | Gauntlet | Found a large runed translucent door.
  7162 | Gauntlet | Found a large runed translucent door.
  7162 | Gauntlet | Found a runed translucent gate.
  7162 | Gauntlet | Found a runed translucent gate.
  7162 | Gauntlet | Found a transporter.
  7162 | Gauntlet | Found a transporter.
  7166 | Gauntlet | Found a transporter.
  7167 | Gauntlet | Found a transporter.
  7170 | Gauntlet | Found a runed translucent gate.
  7170 | Gauntlet | Found a runed translucent door.
  7171 | Gauntlet | Found a large runed translucent door.
  7171 | Gauntlet | Found a large runed translucent door.
  7172 | Gauntlet | Found a large runed translucent door.
  7173 | Gauntlet | Found a large runed translucent door.
  7173 | Gauntlet | Noticed a wretched star
  7184 | Gauntlet | Found a transporter.
  7186 | Gauntlet | Found a transporter.
  7198 | Gauntlet | Found a transporter.
  7200 | Gauntlet | Noticed a thrashing horror
  7246 | Gauntlet | Found a large runed translucent door.
  7246 | Gauntlet | Found a large runed translucent door.
  7247 | Gauntlet | Found a large runed translucent door.
  7248 | Gauntlet | Found a large runed translucent door.
  7298 | Gauntlet | Found a transporter.
  7302 | Gauntlet | Found a transporter.
  7314 | Gauntlet | Found a transporter.
  7443 | Gauntlet | Killed a soul eater
  7444 | Gauntlet | Reached skill level 10 in Fighting
  7449 | Gauntlet | Identified the +2 helmet of the Game of Life {-Cast Harm
                  | rN+++ MP-9}
  7563 | Gauntlet | Identified the ring "Mixy" {Will+ EV+5 Dex+3}
  7596 | Gauntlet | Identified the +2 pair of boots of Geohekixt {Str+3 Int+4}
  7609 | Gauntlet | Identified the +0 robe of the New World {rElec Dex+3 Slay+3
                  | Archmagi}
  7615 | Gauntlet | Learned a level 3 spell: Fugue of the Fallen
  7620 | Gauntlet | Learned a level 4 spell: Anguish
  7660 | Gauntlet | Noticed a minotaur
  7667 | Gauntlet | Killed a minotaur
  7668 | Gauntlet | Reached skill level 1 in Spellcasting
  7669 | Gauntlet | Found the +0 pair of fencer's gloves {Riposte Dex+3}
  7756 | Lair:1   | Reached skill level 1 in Necromancy
  7784 | Lair:1   | Noticed an orc knight
  7786 | Lair:1   | Noticed Beowulf
  7789 | Lair:1   | Killed an orc knight
  7793 | Lair:1   | Your ally Marbaugh died
  7794 | Lair:1   | Your ally Gorbash died
  7807 | Lair:1   | Anointed Beowulf the warrior as your apostle
  8120 | Lair:2   | Noticed a death yak
  8120 | Lair:2   | Noticed a death yak
  8120 | Lair:2   | Noticed a death yak
  8120 | Lair:2   | Noticed a death yak
  8120 | Lair:2   | Noticed a death yak
  8120 | Lair:2   | Noticed a death yak
  8123 | Lair:2   | Killed a death yak
  8126 | Lair:2   | Your ally Ugbert died
  8131 | Lair:2   | Killed a death yak
  8132 | Lair:2   | Reached XP level 12. HP: 62/99 MP: 9/18
  8132 | Lair:2   | Killed a death yak
  8133 | Lair:2   | Killed a death yak
  8141 | Lair:2   | Killed a death yak
  8148 | Lair:2   | Killed a death yak
  8149 | Lair:2   | Reached skill level 11 in Fighting
  8238 | Lair:2   | Found a staircase to the Shoals.
  8309 | Lair:2   | Acquired the +2 pair of gloves of the Lotus Blossom {rN+
                  | Dex+3}
  8373 | Lair:2   | Acquired a +2 demon trident of venom
  8410 | Lair:2   | Found a staircase to the Snake Pit.
  8556 | Lair:2   | Found a runed translucent door.
  8563 | Lair:2   | Noticed Rupert
  8868 | Lair:2   | Killed Rupert
  8869 | Lair:2   | Reached skill level 5 in Spellcasting
  8953 | Lair:3   | Noticed an eight-headed hydra
  8956 | Lair:3   | Killed an eight-headed hydra
  8957 | Lair:3   | Reached skill level 12 in Fighting
  8969 | Lair:3   | Found a runed translucent gate.
  8969 | Lair:3   | Found a runed translucent gate.
  8969 | Lair:3   | Found a runed translucent gate.
  8969 | Lair:3   | Noticed bayes525's ghost (journeyman FeBe)
  8970 | Lair:3   | Noticed SageDae's ghost (journeyman CoGl)
  8975 | Lair:3   | Noticed a five-headed hydra
  8985 | Lair:3   | Killed a five-headed hydra
  9131 | Lair:3   | Noticed a seven-headed hydra
  9138 | Lair:3   | Killed a seven-headed hydra
  9139 | Lair:3   | Gained mutation: You are strongly in touch with the powers
                  | of death. [Mummy growth]
  9139 | Lair:3   | Reached XP level 13. HP: 77/108 MP: 17/21
  9282 | Lair:3   | Reached skill level 1 in Hexes
  9298 | Lair:3   | Reached skill level 5 in Necromancy
  9301 | Lair:3   | Reached skill level 10 in Polearms
  9861 | Lair:3   | Killed bayes525's ghost
  9862 | Lair:3   | Reached skill level 10 in Invocations
  9872 | Lair:3   | Killed SageDae's ghost
 10023 | Lair:4   | Reached skill level 13 in Fighting
 10505 | Lair:4   | Learned a level 6 spell: Death Channel
 10582 | Lair:4   | Identified the +3 leather armour of Morality {Str+2 Int+2}
 10582 | Lair:4   | Noticed Bogdan
 10596 | Lair:4   | Anointed Bogdan the priest as your apostle
 10883 | Lair:5   | Entered Level 5 of the Lair of Beasts
 10893 | Lair:5   | Reached skill level 5 in Armour
 10948 | Lair:5   | Identified the +1 chain mail of Ru's Supremacy {rElec
                  | rCorr}
 11016 | Lair:5   | Noticed a dire elephant
 11016 | Lair:5   | Noticed a dire elephant
 11026 | Lair:5   | Reached XP level 14. HP: 119/119 MP: 20/23
 11115 | Lair:5   | Reached skill level 14 in Fighting
 11134 | Lair:5   | Got an earthy gem with 320 turns to spare
 11180 | Lair:5   | Reached ****** piety under Beogh
 11522 | Lair:5   | Found a staircase to the Slime Pits.
 11523 | Lair:5   | Found a viscous altar of Jiyva.
 11563 | Lair:5   | Learned a level 4 spell: Animate Dead
 12572 | D:10     | Entered Level 10 of the Dungeon
 12972 | D:10     | Noticed Psyche
 12977 | D:10     | Killed Psyche
 13697 | D:11     | Found a runed translucent gate.
 13697 | D:11     | Found a runed translucent gate.
 13697 | D:11     | Found a runed translucent gate.
 13744 | D:11     | Identified the +3 whip "Amazowya" {speed, rF++ Str+5
                  | Stlth-}
 13927 | D:11     | Noticed runemasterragnar's ghost (journeyman OpSh)
 13941 | D:11     | Killed runemasterragnar's ghost
 13960 | D:11     | Got the ring "Guesowips" {Fire Stlth+}
 14114 | D:11     | Identified the +6 hand axe "Janeoj" {flame, rC+ Int+3}
 14211 | D:11     | Reached skill level 15 in Fighting
 14609 | D:12     | Found a staircase to the Orcish Mines.
 15205 | D:13     | Your ally Bogdan died
 15304 | D:13     | Found a frozen archway.
 15358 | IceCv    | Entered an ice cave
 15381 | IceCv    | Your ally Marbaugh died
 15506 | IceCv    | Reached XP level 15. HP: 120/129 MP: 22/24
 15533 | IceCv    | Your ally Beowulf died
 16216 | D:13     | Found a gate to the Vaults.
 16337 | D:14     | Found a portal to a secret trove of treasure.
 16438 | D:14     | Found a hide-covered altar of Uskayaw.
 17062 | D:15     | Entered Level 15 of the Dungeon
 17079 | D:15     | Reached skill level 16 in Fighting
 17095 | D:15     | Identified the +9 halberd of Eshy {pain, rN+}
 17126 | D:15     | Anointed Benkei the warrior as your apostle
 17182 | D:15     | Found the +5 demon whip "Spellbinder" {antimagic, disrupt,
                  | Will+}
 17505 | D:15     | Found a staircase to the Depths.
 17849 | D:15     | Upgraded the game from 0.32-a0-685-g93135e86f0 to
                  | 0.32-a0-699-g1ee5eff69a
 17974 | Orc:1    | Entered Level 1 of the Orcish Mines
 18182 | Orc:1    | You fall into a shaft and drop 1 floor!
 18182 | Orc:2    | Entered Level 2 of the Orcish Mines
 18182 | Orc:2    | Noticed Nessos
 18187 | Orc:2    | Killed Nessos
 18323 | Orc:2    | Found Veher's Weapon Shoppe.
 18323 | Orc:2    | Found Bubaroeh's General Store.
 18328 | Orc:2    | Found Zydeim's Armour Emporium.
 18333 | Orc:2    | Found Guit's Armour Shoppe.
 18591 | Orc:2    | Found a roughly hewn altar of Beogh.
 18652 | Orc:2    | Found a staircase to the Elven Halls.
 18787 | Orc:2    | Noticed Jorgrun
 18800 | Orc:2    | Killed Jorgrun
 18834 | Orc:2    | Learned a level 5 spell: Borgnjor's Vile Clutch
 19143 | Snake:1  | Entered Level 1 of the Snake Pit
 19174 | Snake:1  | Noticed Mlioglotl
 19175 | Snake:1  | Noticed a bone dragon
 19192 | Snake:1  | Killed Mlioglotl
 19193 | Snake:1  | Reached skill level 10 in Necromancy
 19193 | Snake:1  | Reached XP level 16. HP: 90/138 MP: 3/26
 19202 | Snake:1  | Reached skill level 1 in Earth Magic
 19539 | Snake:2  | Noticed Azrael
 19562 | Snake:2  | Killed Azrael
 19571 | Snake:2  | Your ally Benkei died
 19618 | Snake:2  | Noticed Vashnia
 19650 | Snake:2  | Killed Vashnia
 19783 | Snake:2  | Anointed Bogbarth the priest as your apostle
 19880 | Snake:2  | Your ally Vashnia died
 20002 | Snake:2  | Your ally Beowulf died
 20597 | Snake:3  | Identified the serpent talisman "Tixzaa" {+Blink rF+ rN++
                  | Dex+3}
 20597 | Snake:3  | Noticed Aizul
 20612 | Snake:3  | Killed Aizul
 20825 | Snake:3  | Found a shadowy altar of Dithmenos.
 20825 | Snake:3  | Noticed Roxanne
 20840 | Snake:3  | Killed Roxanne
 21030 | Snake:4  | Entered Level 4 of the Snake Pit
 21043 | Snake:4  | Reached skill level 17 in Fighting
 21172 | Snake:4  | Reached XP level 17. HP: 124/147 MP: 14/29
 21455 | Snake:4  | Found an iron altar of Okawaru.
 21482 | Snake:4  | Got a jade gem with 343 turns to spare
 21493 | Snake:4  | Got a serpentine rune of Zot
 21624 | Snake:4  | Your ally Beowulf died
 21627 | Snake:4  | Reached skill level 10 in Armour
 22214 | Snake:3  | Noticed Donald
 22216 | Snake:3  | Anointed Thorok the priest as your apostle
 22236 | Snake:3  | Killed Donald
 22245 | Snake:3  | Identified the +1 leather armour "Tafisao" {rElec Int+3
                  | Dex+3}
 22293 | Snake:3  | Found Pefidd's Book Emporium.
 22301 | Snake:3  | Found Ettieh's Weapon Emporium.
 22609 | Snake:3  | Found an ornate altar of the Wu Jian Council.
 22913 | Shoals:1 | Entered Level 1 of the Shoals
 22972 | Shoals:2 | Reached XP level 18. HP: 155/156 MP: 18/30
 22980 | Shoals:2 | Found a runed translucent door.
 22998 | Shoals:2 | Noticed BubbleThief's ghost (adept KoBr)
 23017 | Shoals:2 | Killed BubbleThief's ghost
 23079 | Shoals:2 | Found a transporter.
 23083 | Shoals:2 | Found a transporter.
 23085 | Shoals:2 | Found a transporter.
 23086 | Shoals:2 | Found a transporter.
 23117 | Shoals:2 | Reached skill level 1 in Shields
 23219 | Shoals:2 | Found a transporter.
 23228 | Shoals:2 | Found a transporter.
 23428 | Shoals:3 | Your ally Thorok died
 23702 | Shoals:4 | Entered Level 4 of the Shoals
 23752 | Shoals:4 | Reached skill level 18 in Fighting
 23996 | Shoals:4 | Identified the +1 hat "Gajus" {Str+2}
 24060 | Shoals:4 | Noticed Polyphemus
 24085 | Shoals:4 | Killed Polyphemus
 24099 | Shoals:4 | Your ally Thorok died
 24162 | Shoals:4 | Got an azure gem with 754 turns to spare
 24164 | Shoals:4 | Got a barnacled rune of Zot
 24180 | Shoals:4 | Learned a level 4 spell: Dispel Undead
 24185 | Shoals:4 | Learned a level 4 spell: Martyr's Knell
 24529 | Shoals:3 | Identified the +5 hand axe of Oozing Pus {venom, *Rage
                  | rElec rPois Dex+4}
 24543 | Shoals:3 | Your ally Benkei died
 24551 | Shoals:3 | Your ally Bogbarth died
 24565 | Shoals:3 | Anointed Garbold the priest as your apostle
 25764 | Shoals:1 | Reached skill level 1 in Summonings
 26128 | Elf:1    | Entered Level 1 of the Elven Halls
 26149 | Elf:1    | Reached XP level 19. HP: 120/163 MP: 19/31
 26437 | Elf:1    | Paralysed by an air elemental for 1 turns
 26544 | Elf:1    | Found a shimmering blue altar of Sif Muna.
 26545 | Elf:1    | Noticed Agnes
 26551 | Elf:1    | Killed Agnes
 26553 | Elf:1    | Found a transporter.
 26864 | Elf:1    | Identified the ring "Bafeh" {Fly Int+3}
 26894 | Elf:1    | Found a transporter.
 26910 | Elf:1    | Identified the death talisman of Lugonu's Esteem {rF+}
 26935 | Elf:1    | Identified the +0 robe of Contentment {+Inv rC- Slay+3}
 27094 | Elf:3    | Entered Level 3 of the Elven Halls
 27128 | Elf:3    | Reached skill level 10 in Dodging
 27219 | Elf:3    | Was placed under penance by Beogh
 27231 | Elf:3    | Reached skill level 5 in Shields
 27260 | Elf:3    | Was forgiven by Beogh
 27300 | Elf:3    | Your ally Garbold died
 27301 | Elf:3    | Identified the ring "Nott" {rC+ Str+3 Dex+3}
 27304 | Elf:3    | Your ally Benkei died
 27313 | Elf:3    | Identified the +2 dagger of Benevolence {vamp, rF++}
 27313 | Elf:3    | Identified the +1 robe of Anarchy {^Contam Int+6 Dex+3}
 27318 | Elf:3    | Your ally Bogbarth died
 27357 | Elf:3    | Noticed a Tzitzimitl
 27374 | Elf:3    | Was placed under penance by Beogh
 27374 | Elf:3    | Fled from a divine trial
 27572 | Elf:3    | Identified the ring of Joy {Wiz rF++}
 27680 | Elf:3    | Got a shimmering gem with 400 turns to spare
 27687 | Elf:3    | Identified the amulet of Herphibb {Spirit rElec rPois
                  | Str+2}
 27707 | Elf:3    | Identified the +8 lajatang "Impbane" {protect, Fly rF+}
 27716 | Elf:3    | Identified the +3 ring mail "Witseofa" {Rampage rF- Str+4}
 27728 | Elf:3    | Identified the +5 sling of the Sugar Beet {speed, rElec
                  | Will+ Str+4 Dex-5}
 27899 | Elf:3    | Found Tiry's Armour Emporium.
 27943 | Elf:3    | Found an ancient bone altar of Kikubaaqudgha.
 27956 | Elf:3    | Was forgiven by Beogh
 27964 | Elf:3    | Reached skill level 15 in Invocations
 28566 | Elf:2    | Found Weuvat's Jewellery Shop.
 28610 | Elf:2    | Reached XP level 20. HP: 168/172 MP: 18/32
 28636 | Elf:2    | Paralysed by an air elemental for 1 turns
 28680 | Elf:2    | Paralysed by an air elemental for 1 turns
 28860 | Elf:2    | Found a runed translucent gate.
 28861 | Elf:2    | Found a runed translucent gate.
 28875 | Elf:2    | Found a runed translucent gate.
 29135 | Elf:2    | Reached skill level 19 in Fighting
 29462 | D:12     | Upgraded the game from 0.32-a0-699-g1ee5eff69a to
                  | 0.32-a0-705-g60f233581c
 29565 | Vaults:1 | Entered Level 1 of the Vaults
 29995 | Vaults:1 | Identified the +7 trident "Rakots" {flame, +Blink rPois}
 30022 | Vaults:1 | Anointed Geork the warrior as your apostle
 31553 | Vaults:4 | Reached XP level 21. HP: 158/180 MP: 24/34
 31891 | Vaults:4 | Reached skill level 10 in Spellcasting
 32011 | Vaults:4 | Found a runed translucent gate.
 32011 | Vaults:4 | Found a runed translucent gate.
 32011 | Vaults:4 | Found a runed translucent gate.
 32011 | Vaults:4 | Noticed croobank's ghost (veteran GnSh)
 32014 | Vaults:4 | Identified the +1 plate armour "Buytedan" {Will- Str+7
                  | Stlth+}
 32016 | Vaults:4 | Identified the +0 plate armour "Luh Gyav" {rF++ Int+3 Dex+2
                  | Stlth+}
 32027 | Vaults:4 | Found a roughly hewn altar of Beogh.
 32039 | Vaults:4 | Killed croobank's ghost
 32055 | Vaults:4 | Identified the +4 battleaxe of Deflation {heavy, Fly rPois
                  | rF- Will+ Str+3}
 32055 | Vaults:4 | Identified the +4 plate armour of Ucvoujys {Fly Str+2}
 32077 | Vaults:4 | Anointed Boghold the warrior as your apostle
 32103 | Vaults:4 | Identified the +0 helmet "Loxzy Horac" {rC++ Stlth-}
 32351 | Vaults:5 | Entered Level 5 of the Vaults
 32357 | Vaults:5 | Your ally Boghold died
 32359 | Vaults:5 | Noticed a golden dragon
 32372 | Vaults:5 | Noticed a dread lich
 32373 | Vaults:5 | Your ally Geork died
 32374 | Vaults:5 | Noticed an ancient lich
 32377 | Vaults:5 | HP: 5/181 [vault guard/+0 broad axe (16)]
 32379 | Vaults:5 | Your ally Bogbarth died
 32380 | Vaults:5 | Shot with a bolt by a yaktaur captain

Illustrated notes

Levels and vault maps discovered:
D:1:      dpeg_arrival_rhombus, layout_loops_ring,
          hellmonk_ecumenical_altar_inner_sanctum, minmay_tripent
D:2:      layout_basic
D:3:      minmay_general_purpose_star, layout_basic, zin_statuary,
          nicolae_overflow_two_pavilions
D:4:      layout_basic, nicolae_ashenzari_panopticon,
          nicolae_yredelemnul_corpse_copse, minmay_temple_entry_proselytizer,
          serial_shops, shop, grunt_ministairs_14, kennysheep_donut
D:5:      layout_basic, nicolae_hepliaklqana_hazy_memory,
          nemelex_spade_bored_becter, kennysheep_generic_room_7
D:6:      layout_rooms, kennysheep_mini, serial_shops, shop,
          kennysheep_cluttered_room, kennysheep_path_1, uniq_eustachio
D:7:      layout_basic, mainiacjoe_ossuary_entry_find_the_door,
          dreamdust_mushroom_princess, minmay_misc_feat_diagonals
D:8:      layout_basic, minitemple, lemuel_zombie_altar_kikubaaqudgha,
          serial_shops, shop, uniq_prince_ribbit1, uniq_amaemon
D:9:      kb_forest_paths, layout_basic, david_lair_shrubbed, uniq_gastronok,
          uniq_joseph, uniq_erolcha
D:10:     layout_small_grid, serial_co_window_serial, co_window_paths_b,
          co_window_corner_a, co_window_corner_a, co_window_paths_a,
          co_window_corner_a, co_window_corner_a, co_window_paths_a,
          co_window_paths_b, co_window_corner_a, co_window_corner_b,
          co_window_corner_b, co_window_corner_b, co_window_unsneaky_path_b,
          co_window_broadway_b, co_window_corner_b, co_window_4corner_b,
          co_window_paths_d, glass_columns_a, glass_columns_a, uniq_psyche
D:11:     layout_irregular_city, gammafunk_ghost_icy
D:12:     layout_loops_ring, david_orc_1_choice
D:13:     layout_irregular_city, grunt_vaults_entry_tiered,
          portal_ice_cave_entry_pillars_1, nicolae_kite_square_tiling_tiny
D:14:     layout_cave_pods, nicolae_uskayaw_murder_on_the_dancefloor,
          nicolae_trove_entry_free_sample
D:15:     grunt_enter_depths_giant_problem, layout_loops_ring, glass_columns_c
Temple:   nicolae_temple_bog_church
Lair:1:   layout_cave_shapes, gauntlet_entry_generic, grunt_megastairs_2
Lair:2:   wander_river, layout_big_grid, shoals_dummy_entry,
          minmay_snake_entry_guardpost_small, pdpol_lair_cabin_in_the_woods
Lair:3:   layout_loops_ring, gammafunk_ghost_cemetery, grunt_megastairs_4,
          serial_bayou_shore_a
Lair:4:   layout_cave_pods, chequers_serial_rivers_room_b
Lair:5:   due_jungle_book, layout_long_grid, minmay_slime_entry_eyes
Shoals:1: layout_shoals
Shoals:2: cheibrodos_shoals_satyrical_garden, layout_shoals,
          gammafunk_ghost_grave, serial_nicolae_subway,
          nicolae_sub_station_stone, nicolae_sub_station_crystal,
          nicolae_sub_station_metal
Shoals:3: layout_shoals, nicolae_shoals_flooded_hall
Shoals:4: shoals_end_hellmonk_holy_island, uniq_polyphemus
Snake:1:  layout_rooms, uniq_mlioglotl
Snake:2:  layout_grid_maze, drop_trap, uniq_vashnia, uniq_azrael
Snake:3:  layout_basic, basic_altar, drop_trap, lemuel_oklob_altar,
          minmay_shop_star, uniq_aizul, uniq_roxanne, uniq_donald
Snake:4:  grunt_snake_rune_serpentine_throne, layout_cave_town,
          grunt_megastairs_3
Orc:1:    layout_diamond_mine
Orc:2:    st_orc_mages, layout_diamond_mine, basic_altar, hellmonk_talismancer,
          uniq_nessos, uniq_jorgrun
Elf:1:    gammafunk_sealed_library, layout_geoelf_diagonals,
          kilobyte_rumbling_trees, kilobyte_mutagenic_chamber, uniq_agnes
Elf:2:    elven_hall_of_blades_hangedman_original
          [nicolae_blade_entry_area_security], layout_onion_city, serial_shops,
          shop
Elf:3:    minmay_elf_hall_quartered_circle, layout_rooms, basic_altar,
          serial_shops, shop, serial_library_hellmonk_filled_rooms,
          nicolae_twisty_statue_hallways
Vaults:1: nicolae_vaults_wine_cellar, v_rooms_1,
          nicolae_vaults_storage_closets_2, nicolae_vaults_network_quinsquares
          [nicolae_vaults_network_quincunx_subvault,
          nicolae_vaults_network_quincunx_subvault,
          nicolae_vaults_network_quincunx_subvault,
          nicolae_vaults_network_quincunx_subvault], v_rooms_3,
          hangedman_vaults_cutoff, vaults_dpeg_hooks, layout_vaults_big_room
Vaults:2: grunt_vaults_diagonal, vaults_room_hallway, ontoclasm_vaults_chip,
          hangedman_vaults_nails, nicolae_vaults_specimen_jars,
          nicolae_vaults_six-pack, ontoclasm_vaults_loading_screen,
          layout_vaults_omnigrid
Vaults:3: minmay_crypt_entry_necro_gods, nicolae_vaults_yaktaur_gun_rack,
          hangedman_vaults_snaps, nicolae_vaults_arrows,
          vaults_mumra_minichess_inversion, v_misc_33, nicolae_vaults_heist,
          nicolae_vaults_trapezoid_4, vaults_room_stairs_pillars,
          nicolae_vaults_tetromino_L_2, layout_vaults_omnibox
Vaults:4: biasface_ghost_orc_armoury, v_misc_29,
          nicolae_vaults_closet_pinwheel_1,
          nicolae_vaults_offset_grid_hallway_4, nicolae_vaults_big_ls,
          nicolae_vaults_ellipses_ellipsis, nicolae_vaults_apartment_1,
          nicolae_vaults_tetromino_L_2, nicolae_vaults_sesquioval_fish,
          v_misc_18, nicolae_vaults_little_squares_3, layout_vaults_maze
Vaults:5

Skill      XL: |  1  2  3  4  5  6  7  8  9 10 11 12 13 14 15 16 17 18 19 20 21 |
---------------+----------------------------------------------------------------+-----
Polearms       | 3 4 5 6 7 8 9 10 11 12 13 14 | 14.5
Armour         | 1 2 3 5 6 8 9 10 11 12 | 12.5
Invocations    | 2 3 5 6 7 8 9 10 11 12 13 14 15 | 15.7
Fighting       | 4 5 6 8 9 10 12 13 15 16 17 18 19 | 19.5
Dodging        | 3 4 6 7 8 9 10 11 | 11.4
Spellcasting   | 2 5 6 7 8 9 10 | 10.4
Necromancy     | 2 4 6 8 10 11 12 13 14 | 14.8
Hexes          | 2 |  2.0
Earth Magic    | 2 4 |  4.9
Shields        | 3 5 7 |  7.5
Summonings     | 1 2 |  2.0

Action                     |  1- 3 |  4- 6 |  7- 9 | 10-12 | 13-15 | 16-18 | 19-21 || total
---------------------------+-------+-------+-------+-------+-------+-------+-------++-------
  Melee: Spear             |   101 |   114 |   247 |   326 |  1113 |  1076 |   665 ||  3642
         Demon trident     |       |       |       |       |       |       |   190 ||   190
  Throw: Throwing net      |       |       |       |     1 |       |       |       ||     1
         Javelin           |       |       |       |       |     1 |       |       ||     1
   Cast: Fugue of the Fall |       |       |       |       |    37 |    35 |    43 ||   115
         Animate Dead      |       |       |       |       |    10 |    12 |    17 ||    39
         Anguish           |       |       |       |       |    10 |    26 |    28 ||    64
         Death Channel     |       |       |       |       |     3 |    41 |    41 ||    85
         Martyr's Knell    |       |       |       |       |       |     1 |    31 ||    32
         Borgnjor's Vile C |       |       |       |       |       |       |    60 ||    60
         Dispel Undead     |       |       |       |       |       |       |     3 ||     3
 Invoke: Convert to Beogh  |       |     1 |       |       |       |       |       ||     1
         Recruit Apostle   |       |       |     3 |     1 |     2 |     3 |     2 ||    11
         Smiting           |       |       |     8 |    22 |    16 |    18 |     7 ||    71
         Recall Apostles   |       |       |     1 |     4 |     9 |    16 |    17 ||    47
         Dismiss Apostle   |       |       |       |     1 |     2 |     3 |     2 ||     8
         Blood for Blood   |       |       |       |       |     1 |       |       ||     1
  Evoke: Wand              |       |       |     7 |     4 |     3 |       |     2 ||    16
         Lightning rod     |       |       |       |     7 |     6 |     8 |     2 ||    23
         Phantom mirror    |       |       |       |     2 |     2 |     2 |     2 ||     8
         Phial of floods   |       |       |       |       |       |     2 |     1 ||     3
         Sack of spiders   |       |       |       |       |       |       |     2 ||     2
    Use: Scroll            |       |       |     6 |    12 |     9 |     3 |    16 ||    46
   Stab: Distracted        |       |       |     3 |     6 |    25 |    41 |    35 ||   110
         Paralysed         |       |       |       |    10 |       |     1 |     1 ||    12
 Armour: Robe              |    41 |       |       |       |       |       |       ||    41
         Scale mail        |     5 |    41 |    17 |    30 |   381 |       |       ||   474
         Plate armour      |       |       |    38 |       |       |       |       ||    38
         Steam dragon scal |       |       |    33 |   106 |       |       |       ||   139
         Fire dragon scale |       |       |       |       |    26 |   455 |   354 ||   835
  Dodge: Dodged            |    38 |    44 |    93 |   223 |   532 |   473 |   355 ||  1758
  Block: Buckler           |       |       |       |       |       |    76 |   164 ||   240
         Reflection        |       |       |       |       |       |    14 |    38 ||    52
Riposte: Spear             |       |       |       |    23 |       |       |       ||    23

Table legend: (Time is in decaauts)
 A = Elapsed time spent in this place.
 B = Non-inter-level travel time spent in this place.
 C = Inter-level travel time spent in this place.
 D = Time resting spent in this place.
 E = Time spent auto-exploring this place.
 F = Levels seen in this place.
 G = Mean time per level.
                   A        B        C        D        E       F      G
               +--------+--------+--------+--------+--------+-----+--------+
         Total |  30539 |  28524 |   2015 |    151 |  14668 |  42 |  727.1 |
       Dungeon |  12380 |  11387 |    993 |      0 |   7877 |  15 |  825.3 |
        Temple |      1 |      1 |      0 |      0 |      0 |   1 |    1.0 |
          Lair |   4476 |   4129 |    347 |     53 |   2314 |   5 |  895.2 |
        Shoals |   2712 |   2623 |     89 |      0 |    874 |   4 |  678.0 |
     Snake Pit |   3342 |   3168 |    174 |      0 |   1585 |   4 |  835.5 |
  Orcish Mines |    955 |    831 |    124 |      0 |    535 |   2 |  477.5 |
   Elven Halls |   3000 |   2820 |    180 |     98 |    484 |   3 | 1000.0 |
        Vaults |   2641 |   2533 |    108 |      0 |    930 |   5 |  528.2 |
       Ossuary |    152 |    152 |      0 |      0 |     69 |   1 |  152.0 |
      Ice Cave |    352 |    352 |      0 |      0 |      0 |   1 |  352.0 |
      Gauntlet |    523 |    523 |      0 |      0 |      0 |   1 |  523.0 |
               +--------+--------+--------+--------+--------+-----+--------+

Top non-repeatable levels by time:
     D:9: 1185 daAuts
    D:10: 1111 daAuts
  Lair:5: 1047 daAuts
     D:4: 1041 daAuts
   Elf:2: 1023 daAuts
 Snake:4: 1010 daAuts
   Elf:1: 1005 daAuts
 Snake:2: 995 daAuts
  Lair:3: 982 daAuts
Vaults:1: 974 daAuts
 Snake:3: 973 daAuts
   Elf:3: 971 daAuts
    D:12: 943 daAuts
     D:2: 926 daAuts
  Lair:4: 884 daAuts
